 Dungeon Crawl Stone Soup version 0.17-a0-1522-g6c5b4ba (webtiles) character file.

373 namelastname112 the Skirmisher (level 6, 0/55 HPs)
             Began as a Draconian Fire Elementalist on July 14, 2015.
             Slain by an iguana (8 damage)
             ... on level 5 of the Dungeon.
             The game lasted 00:05:16 (3032 turns).

namelastname112 the Skirmisher (DrFE)               Turns: 3032, Time: 00:05:16

Health: 0/55       AC:  6    Str: 11    XL:     6   Next: 43%
Magic:  2/9        EV: 14    Int: 15    God:
Gold:   263        SH:  0    Dex: 13    Spells: 1 memorised, 8 levels left

rFire  . . .     SeeInvis .     s - +2 whip (freeze)
rCold  . . .     Clarity  .     (armour unavailable)
rNeg   . . .     SustAt   .     (no shield)
rPois  .         Gourm    .     (helmet restricted)
rElec  .         Spirit   .     (no cloak)
rCorr  .         Warding  .     (no gloves)
rMut   .         Stasis   .     (no boots)
MR     .....                    (no amulet)
Stlth  ++........               (no ring)
                                (no ring)

@: not resistant to hostile enchantments, unstealthy
A: unfitting armour, cold-blooded, AC +6
a: no special abilities


You were on level 5 of the Dungeon.
You were very hungry.

You visited 1 branch of the dungeon, and saw 5 of its levels.

You collected 263 gold pieces.

Inventory:

Hand weapons
 s - a +2 whip of freezing (weapon)
Scrolls
 c - a scroll of random uselessness
 d - 3 scrolls of identify {unknown}
 e - a scroll of magic mapping {unknown}
 h - 6 scrolls of remove curse {unknown}
 i - a scroll of teleportation {unknown}
 j - 2 scrolls of immolation {unknown}
 m - a scroll of blinking {unknown}
 p - a scroll of recharging {unknown}
 q - a scroll of fog {unknown}
Potions
 f - a potion of brilliance {unknown}
 g - 4 potions of curing {unknown}
 l - a potion of lignification {unknown}
Books
 a - a book of Flames

   Spells                             Type                      Level
   a - Flame Tongue                   Conjuration/Fire             1
   b - Throw Flame                    Conjuration/Fire             2
   c - Conjure Flame                  Conjuration/Fire             3
   d - Inner Flame                    Hexes/Fire                   3
   e - Sticky Flame                   Conjuration/Fire             4
   f - Fireball                       Conjuration/Fire             5
Comestibles
 b - 4 bread rations
 k - a beef jerky
 n - 2 fruits
 o - 2 meat rations


   Skills:
 + Level 4.9 Fighting
 + Level 4.5 Dodging
 - Level 1.7 Stealth
 - Level 2.0 Spellcasting
 - Level 1.1 Conjurations
 - Level 3.0 Fire Magic


You had 8 spell levels left.
You knew the following spells:

 Your Spells              Type           Power        Failure   Level  Hunger
z - Flame Tongue          Conj/Fire      #....        12%         1    #......


Dungeon Overview and Level Annotations

Branches:
Dungeon (5/15)
 Temple: D:4-7

Altars:
Ashenzari
Cheibriados
Okawaru
Trog
Vehumet
Xom
Yredelemnul


Innate Abilities, Weirdness & Mutations

Your plain brown scales are hard (AC +6).
Your body does not fit into most forms of armour.
You are cold-blooded and may be slowed by cold attacks.


Message History

There is a stone staircase leading up here.
Read which item? (? for menu, Esc to quit)
As you read the scroll labeled YMIVOA ULLA, it crumbles to dust.
Your +2 whip of freezing glows faint viridian for a moment.
It was a scroll of random uselessness.
The gnoll shaman hits you with a whip.
* * * LOW HITPOINT WARNING * * *
The orc wizard casts a spell.
The orc wizard seems to speed up.
The orc wizard barely misses you.
Unknown command.
The gnoll shaman mumbles some strange prayers to its god.
The gnoll shaman is healed somewhat.
The orc wizard gestures wildly while chanting.
The orc wizard flickers and vanishes!
Deactivating autopickup; reactivate with Ctrl-A.
You see here 16 gold pieces.
The orc wizard points at you and mumbles some strange words.
The magic dart hits you!
* * * LOW HITPOINT WARNING * * *
The iguana bites you!
You die...

##.......#
##s.......#
#.o<......#
####..........
#.#{........##
#..oo....####
##.g...####
#..l.###
##@### #.# #.#
.## #


You could see a gnoll shaman, a scorpion, an iguana, an orc wizard and 2 orcs.

Vanquished Creatures
  An ogre (D:4)
  A giant frog (D:4)
  A centaur skeleton (D:4)
  A hound (D:4)
  An orc wizard (D:4)
  7 adders
  A gnoll (D:4)
  3 oozes
  3 worms
  A giant gecko (D:2)
  5 orcs
  4 giant cockroaches
  4 goblins
  6 hobgoblins
  2 quokkas
  4 bats
  4 giant newts
  5 kobolds
  5 rats
59 creatures vanquished.

Notes
Turn   | Place    | Note
--------------------------------------------------------------
     0 | D:1      | namelastname112 the Draconian Fire Elementalist began the quest for the Orb.
     0 | D:1      | Reached XP level 1. HP: 14/14 MP: 3/3
   164 | D:1      | Reached skill level 1 in Fighting
   182 | D:1      | Reached XP level 2. HP: 21/23 MP: 0/5
   791 | D:2      | Found an iron altar of Okawaru.
   895 | D:2      | Reached XP level 3. HP: 29/29 MP: 1/6
  1435 | D:2      | Found a basalt altar of Yredelemnul.
  1463 | D:2      | Reached XP level 4. HP: 37/37 MP: 5/7
  1998 | D:3      | Found a snail-covered altar of Cheibriados.
  2134 | D:3      | Found a shimmering altar of Xom.
  2390 | D:4      | Noticed an ogre
  2400 | D:4      | Killed an ogre
  2400 | D:4      | Reached skill level 4 in Fighting
  2400 | D:4      | Reached XP level 5. HP: 43/46 MP: 0/8
  2473 | D:4      | Found a radiant altar of Vehumet.
  2473 | D:4      | Found a bloodstained altar of Trog.
  2474 | D:4      | Found a shattered altar of Ashenzari.
  2813 | D:4      | Reached XP level 6. HP: 53/53 MP: 5/9
  2913 | D:4      | Noticed a giant frog
  2934 | D:4      | Killed a giant frog
  3025 | D:5      | Entered Level 5 of the Dungeon
  3032 | D:5      | Slain by an iguana

Vault maps used:
D:1:      scummos_arrival_checkerplants, minmay_surrounded
D:2:      minmay_door_path, lemuel_round_altar, lemuel_round_altar, hex_large
D:3:      nicolae_overflow_crystal_walls, xom_teletrap_fun, first_bread,
          serial_corexii_hall, corexii_hall_statues_l, corexii_hall_statues_x
D:4:      kennysheep_little_box, gammafunk_temple_overflow_forgotten,
          uniq_menkaure
D:5:      nicolae_dithmenos_the_darkroom, serial_shops, shop_coins,
          nicolae_ossuary_entry_ruins

Action                   |  1- 3 |  4- 6 || total
-------------------------+-------+-------++-------
Melee: Unarmed           |    26 |    17 ||    43
       Dagger            |       |    34 ||    34
       Whip              |       |    17 ||    17
 Cast: Flame Tongue      |    47 |    85 ||   132
  Use: Scroll            |       |     1 ||     1
  Eat: Chunk             |     2 |     5 ||     7
       Fruit             |       |     1 ||     1
